AoeStats
← Sheipi

Arena

504352162Analyzed
1v1 RM · 28d ago on Sep 5, 2026· 45m 35s· 2 players
Game mode
Random Map
Map size
Tiny (2 player)
Population
200
Speed
Normal
Resources
Standard
Victory
Conquest
Starting age
Dark Age
Ending age
Imperial Age
RankedLock teamsTeams togetherTeam positionsShared explorationLock speedFull tech treeHidden civsTurbo modeCheats
Victory
Defeat
🇦🇷 Khmer · Argentina
863
+43
🇺🇸 Burmese · United States
881
-17
Sheipi
9:28 Loom
11:18 Feudal Age
12:33 Double-Bit Axe
18:51 Castle Age
18:44 Scale Barding Armor
19:13 Bloodlines
27:09 Husbandry
27:59 Chain Barding Armor
27:30 Fletching
29:14 Gold Mining
29:16 Stone Mining
29:29 Light Cavalry
30:43 Bow Saw
33:48 Imperial Age
32:57 Bodkin Arrow
34:44 Gold Shaft Mining
34:45 Stone Shaft Mining
34:58 Ballistics
35:10 Conscription
34:56 Horse Collar
37:30 Wheelbarrow
36:42 Town Watch
37:34 Plate Barding Armor
37:01 Bracer
39:20 Hussar
40:44 Forging
41:22 Siege Engineers
42:50 Iron Casting
43:21 Hand Cart
43:53 Tusk Swords
43:54 Double Crossbow
45:21 Masonry
Chalk Skeleton
11:36 Feudal Age
16:03 Castle Age
16:15 Wheelbarrow
15:51 Horse Collar
18:32 Hand Cart
18:55 Loom
21:24 Town Watch
21:25 Pikeman
23:50 Heavy Plow
24:07 Fletching
24:17 Padded Archer Armor
28:43 Bodkin Arrow
29:49 Bloodlines
29:40 Husbandry
33:52 Imperial Age
33:40 Town Patrol
36:06 Bracer
37:29 Ballistics
41:39 Parthian Tactics
40:53 Heavy Cavalry Archer
Connection lost

Rejoining the realm…

Still unreachable

The connection could not be restored.

Session expired

The server has moved on; the page needs a fresh start.